 Dungeon Crawl Stone Soup version 0.31.0-32-g396128a36d (webtiles) character file.

Game seed: 15912981031694433374

17185 Luk the Basher (level 12, -3/110 HPs)
             Began as a Hill Orc Monk on Apr 13, 2024.
             Was a High Priest of Beogh.
             Slain by a skyshark (10 damage)
             ... on level 3 of the Lair of Beasts.
             The game lasted 01:19:03 (12482 turns).

Luk the Basher (Hill Orc Monk)                     Turns: 12482, Time: 01:19:04

Health: -3/110     AC: 26    Str: 19    XL:     12   Next: 45%
Magic:  0/19       EV:  9    Int: 10    God:    Beogh [*****.]
Gold:   576        SH:  0    Dex: 13    Spells: 11/11 levels left

rFire   . . .        q - +3 flail (heavy)
rCold   . . .        d - orb {light}
rNeg    . . .        z - +0 chain mail
rPois   +            t - +2 helmet
rElec   .            V - +0 cloak
rCorr   .            n - +0 pair of gloves
SInv    .            F - +2 pair of boots {rampage}
Will    .....        x - amulet of guardian spirit Stlth
                     s - ring of poison resistance
HPRegen 0.38/turn    N - +4 ring of protection
MPRegen 0.16/turn

%: guardian spirit, rampage
@: glowing, studying Dodging
A: walk on water
a: Renounce Religion, Smiting, Recall Orcish Followers, Give Item to Named
Follower


You were on level 3 of the Lair of Beasts.
You worshipped Beogh.
Beogh was extremely pleased with you.
You visited 2 branches of the dungeon, and saw 13 of its levels.
You also visited: Sewer.

You collected 576 gold pieces.

Inventory:

Hand Weapons
 b - a +5 club
 c - a +0 heavy halberd
 q - a +3 heavy flail (weapon)
 C - a +0 orcbow
 E - a +2 dagger of speed
 L - a +2 great sword
 M - a +2 short sword of flaming
 P - the +9 rapier of Awkwardness {flame, rN+}
   (You found it on level 8 of the Dungeon)

   rN+:       It protects you from negative energy.
Missiles
 h - 5 javelins
 S - a throwing net
Armour
 d - an orb of light (worn)
 n - a +0 pair of gloves (worn)
 t - a +2 helmet (worn)
 z - a +0 chain mail (worn)
 A - the +1 robe of the Dwarven Hall {Int+5}
   (You found it on level 5 of the Dungeon)

   Int+5:     It affects your intelligence (+5).
 F - a +2 pair of boots of rampaging (worn)
 V - a +0 cloak (worn)
 Y - a +2 hat
Jewellery
 a - an amulet of magic regeneration
 i - an amulet of reflection
 s - a ring of poison resistance (left hand)
 x - an amulet of guardian spirit (around neck)
 y - a ring of wizardry
 B - a ring of protection from cold
 H - a ring of protection from fire
 I - a +5 ring of evasion
 K - an amulet of the acrobat
 N - a +4 ring of protection (right hand)
 O - a ring of willpower
Wands
 w - a wand of charming (4)
 D - a wand of mindburst (8)
 U - a wand of flame (1)
 X - a wand of roots (4)
 Z - a wand of digging (4)
Scrolls
 e - a scroll of amnesia
 f - 3 scrolls of fear
 j - 4 scrolls of teleportation
 p - 2 scrolls of revelation {unknown}
 r - 4 scrolls of poison
 G - a scroll of enchant weapon
 J - 3 scrolls of vulnerability
 Q - a scroll of fog
Potions
 g - 2 potions of brilliance
 k - 3 potions of curing
 l - a potion of enlightenment
 o - a potion of might {unknown}
 u - a potion of invisibility {unknown}
 v - a potion of berserk rage {unknown}
 R - a potion of magic {unknown}
 T - 3 potions of ambrosia
Miscellaneous
 W - a tin of tremorstones (2/2)


   Skills:
 + Level 11.0 Fighting
 - Level 7.8(12.2) Axes
 * Level 12.4(13.0) Maces & Flails
 * Level 11.6 Armour
 - Level 2.4 Dodging
 + Level 10.2 Invocations


You had 11 spell levels left.
You didn't know any spells.
Your spell library contained the following spells:

 Spells                   Type           Power      Damage    Failure   Level
 Tukima's Dance           Hex            0%         N/A       99%         3
 Volatile Blastmotes      Fire/Tloc      0%         2d10      99%         3
 Animate Armour           Summ/Erth      0%         N/A       100%        4
 Animate Dead             Necr           0%         N/A       100%        4
 Fulminant Prism          Conj/Alch      0%         3d5       100%        4
 Iskenderun's Mystic Bla  Conj/Tloc      0%         2d3       100%        4
 Passage of Golubria      Tloc           0%         N/A       100%        4
 Summon Lightning Spire   Summ/Air       0%         N/A       100%        4
 Borgnjor's Vile Clutch   Necr/Erth      0%         N/A       100%        5
 Lee's Rapid Deconstruct  Erth           0%         3d4*      100%        5
 Yara's Violent Unravell  Hex/Alch       0%         3d3       100%        5
 Death Channel            Necr           0%         N/A       100%        6


Dungeon Overview and Level Annotations

Branches:
Dungeon (10/15)            Temple (0/1) D:7            Lair (3/5) D:10
  Sewer (visited)
  Swamp: Lair:2-3    Shoals: Lair:2-3     Snake: Lair:2-3    Spider: Lair:2-3
    Orc: D:9-12

Altars:
Dithmenos
Trog
Vehumet
Yredelemnul
Zin


Message History

Press: ? - help, Q - select action, (/) - cycle Dir - move target, f - skyshark Smite: a skyshark (moderately wounded, berserk, haloed)
You smite the skyshark!!
The skyshark is severely wounded.
The ice encasing you melts away. The skyshark bites you!
* * * LOW HITPOINT WARNING * * *
The skyshark tail-slaps you but does no damage. x2
Your orc knight unwields a +0 orcbow.
Your orc knight wields a +0 trident.
Your orc knight hits the rime drake with a +0 trident!
Blink to where?
Press: ? - help, Dir - move target, p - skyshark
As you read the scroll of blinking, it crumbles to dust.
The rime drake closely misses your orc knight.
The skyshark rages.
Your orc knight hits the rime drake with a +0 trident!
The rime drake dies!
Beogh accepts your kill.
Your orc knight looks more experienced.
There is a stone staircase leading down here.
You don't have enough magic at the moment.
Okay, then.
You feel better.
The skyshark bites you but does no damage.
The skyshark tail-slaps you but does no damage.
The skyshark tail-slaps you.
* * * LOW HITPOINT WARNING * * *
Your orc knight unwields a +0 trident.
Your orc knight wields a +0 orcbow.
Your orc knight shoots an arrow.
The arrow hits the skyshark!
The skyshark barely misses you. The skyshark misses you.
The skyshark tail-slaps you but does no damage.
You bludgeon the skyshark!!
The skyshark is almost dead.
The skyshark bites you.
* * * LOW HITPOINT WARNING * * *
The skyshark tail-slaps you but does no damage. x2
The skyshark attacks as it pursues you!
The skyshark bites you but does no damage.
The skyshark tail-slaps you!
You die...

#.....###.#........
#..#...#.#.........
#..##.o...+......#
##..##.....#......#
#.....#....#......#
#....##†...#......##
##.................#
#...<.......F......#
#...........@.......
#....................
#.P..................
###..................
#...................
#..#...#.###....#...
##..##.#.# #....####
. ......


You could see a skyshark (berserk, ally target) and a friendly orc knight.

Vanquished Creatures
  A hydra (Lair:2)
  Pikel (D:6)
  An orc knight (D:9)
  An ugly thing (D:10)
  Maurice (D:7)
  4 elephants (Lair:2)
  Joseph (D:7)
  The ghost of poire the Magician, a novice DgSu (D:6)
  A gargoyle (D:9)
  3 kobold demonologists
  3 komodo dragons (Lair:2)
  Maggie (D:9)
  2 hornets
  A queen bee (D:9)
  4 blink frogs (Lair:1)
  9 yaks
  Menkaure (D:5)
  Edmund (D:4)
  3 acid dragons
  4 water moccasins
  Duvessa (D:7)
  Pargi (Sewer)
  5 orc warriors
  An ice beast (D:6)
  3 centaurs
  A wolf (Lair:1)
  3 lemures (D:6)
  A phantom (D:4)
  17 kobold brigands
  3 gnoll sergeants
  A brain worm (Sewer)
  4 bullfrogs
  2 scorpions
  A wight (D:7)
  Dowan (D:7)
  18 killer bees (D:9)
  5 howler monkeys
  5 jellies
  3 bombardier beetles
  3 hounds
  Crazy Yiuf (D:7)
  4 orc priests
  A gnoll bouda (D:7)
  4 sleepcaps
  Terence (D:2)
  Jessica (D:3)
  7 iguanas
  6 orc wizards
  Robin (D:3)
  11 gnolls
  7 adders
  A river rat (D:3)
  A white imp (D:6)
  4 ufetubi
  4 ribbon worms
  3 dart slugs
  16 orcs
  5 ball pythons
  8 bats
  5 endoplasms
  2 giant cockroaches
  11 goblins
  16 hobgoblins
  2 jackals (D:2)
  2 quokkas
  4 frilled lizards
  23 kobolds
  4 rats
278 creatures vanquished.

Vanquished Creatures (collateral kills)
  A hydra (Lair:2)
  2 elephants (Lair:2)
  4 cane toads
  A rime drake (Lair:3)
  4 blink frogs (Lair:1)
  3 yaks (Lair:1)
  A basilisk (Lair:1)
  A steam dragon (D:7)
  4 water moccasins
  An ice beast (D:5)
  An orc warrior (D:9)
  A black bear (Lair:2)
  4 wolves (Lair:1)
  An ogre (D:5)
  A bullfrog (Lair:2)
  5 killer bees (D:9)
  An orc priest (D:9)
  An iguana (D:7)
  A gnoll bouda (D:9)
  3 gnolls
  2 ufetubi
  2 orcs (D:5)
  A kobold (D:8)
46 creatures vanquished.

Vanquished Creatures (others)
  An orc knight (D:9)
  2 orc warriors (D:7)
  An orc wizard (D:7)
  12 orcs
  A shadow imp (D:7)
17 creatures vanquished.

Grand Total: 341 creatures vanquished

Notes
Turn   | Place    | Note
-------+----------+-------------------------------------------
     0 | D:1      | Luk the Hill Orc Monk began the quest for the Orb.
     0 | D:1      | Reached XP level 1. HP: 19/19 MP: 1/1
   211 | D:1      | Reached XP level 2. HP: 27/27 MP: 2/2
   645 | D:2      | Found a bloodstained altar of Trog.
   730 | D:2      | Reached skill level 5 in Axes
   806 | D:2      | Reached XP level 3. HP: 33/33 MP: 3/3
   985 | D:2      | Noticed Terence
  1000 | D:2      | Killed Terence
  1001 | D:2      | Reached XP level 4. HP: 17/41 MP: 4/4
  1667 | D:3      | Became a worshipper of Beogh the Brigand
  1667 | D:3      | Reached * piety under Beogh
  1667 | D:3      | Reached ** piety under Beogh
  1798 | D:3      | Found a glowing drain.
  1877 | Sewer    | Entered a sewer
  1884 | Sewer    | Reached XP level 5. HP: 46/47 MP: 5/5
  1911 | Sewer    | Reached skill level 5 in Fighting
  1933 | Sewer    | Noticed Pargi
  1958 | Sewer    | Killed Pargi
  1959 | Sewer    | Reached XP level 6. HP: 42/56 MP: 3/6
  2104 | D:3      | Noticed Robin
  2129 | D:3      | Killed Robin
  2358 | D:3      | Found a shadowy altar of Dithmenos.
  2361 | D:3      | Found a radiant altar of Vehumet.
  2364 | D:3      | Found a glowing silver altar of Zin.
  2367 | D:3      | Found a basalt altar of Yredelemnul.
  2599 | D:3      | Noticed Jessica
  2609 | D:3      | Killed Jessica
  2965 | D:4      | Reached skill level 1 in Maces & Flails
  2965 | D:4      | Reached skill level 1 in Invocations
  2990 | D:4      | Noticed Edmund
  3181 | D:4      | Reached skill level 1 in Armour
  3192 | D:4      | Reached XP level 7. HP: 51/62 MP: 6/8
  3202 | D:4      | Reached skill level 2 in Maces & Flails
  3290 | D:4      | Killed Edmund
  3376 | D:4      | Reached skill level 3 in Maces & Flails
  3390 | D:4      | Reached *** piety under Beogh
  3697 | D:4      | You fall into a shaft and drop 2 floors!
  3876 | D:6      | Found a large runed translucent door.
  3876 | D:6      | Found a large runed translucent door.
  3878 | D:6      | Reached XP level 8. HP: 53/71 MP: 10/10
  3880 | D:6      | Noticed poire's ghost (novice DgSu)
  3911 | D:6      | Reached skill level 4 in Maces & Flails
  3931 | D:6      | Noticed Pikel
  4043 | D:6      | Found a bloodstained altar of Trog.
  4156 | D:6      | Reached skill level 5 in Maces & Flails
  4267 | D:5      | Entered Level 5 of the Dungeon
  4270 | D:5      | Identified the +1 robe of the Dwarven Hall {Int+5}
  4450 | D:5      | Noticed Menkaure
  4452 | D:5      | Killed Menkaure
  4617 | D:5      | Reached skill level 6 in Maces & Flails
  4617 | D:5      | Reached skill level 5 in Invocations
  4617 | D:5      | Reached XP level 9. HP: 24/79 MP: 12/12
  5417 | D:5      | Noticed a kobold demonologist
  5484 | D:5      | Noticed a rust devil
  5487 | D:5      | Killed a kobold demonologist
  5488 | D:5      | Reached skill level 7 in Maces & Flails
  5488 | D:5      | Reached skill level 5 in Armour
  5809 | D:6      | Killed Pikel
  6240 | D:6      | Killed poire's ghost
  6307 | D:7      | Noticed Duvessa
  6308 | D:7      | Noticed Dowan
  6314 | D:7      | Killed Duvessa
  6315 | D:7      | Reached skill level 8 in Maces & Flails
  6316 | D:7      | Killed Dowan
  6317 | D:7      | Reached XP level 10. HP: 90/90 MP: 14/14
  6459 | D:7      | Noticed a kobold demonologist
  6465 | D:7      | Killed a kobold demonologist
  6539 | D:7      | Found a staircase to the Ecumenical Temple.
  6540 | D:7      | Noticed Maurice
  6555 | D:7      | Maurice stole an amulet of the acrobat
  6566 | D:7      | Killed Maurice
  6566 | D:7      | Reached **** piety under Beogh
  7059 | D:7      | Identified a scroll of acquirement
  7059 | D:7      | Acquired a manual of Dodging
  7096 | D:7      | Noticed Joseph
  7106 | D:7      | Killed Joseph
  7107 | D:7      | Reached skill level 9 in Maces & Flails
  7348 | D:7      | Found a runed translucent door.
  7349 | D:7      | Noticed Crazy Yiuf
  7353 | D:7      | Killed Crazy Yiuf
  7630 | D:8      | Identified the +9 rapier of Awkwardness {flame, rN+}
  8094 | D:9      | Reached XP level 11. HP: 93/97 MP: 15/17
  8130 | D:9      | Reached skill level 10 in Maces & Flails
  8132 | D:9      | Was placed under penance by Beogh
  8356 | D:9      | HP: 4/97 [poisoned by a killer bee]
  8690 | D:9      | Noticed Ognian
  8712 | D:9      | Killed Ognian the orc knight
  8935 | D:9      | Was forgiven by Beogh
  9170 | D:9      | Reached ***** piety under Beogh
  9183 | D:9      | Reached skill level 10 in Fighting
  9485 | D:9      | Noticed Maggie
  9492 | D:9      | Killed Maggie
  9732 | D:10     | Entered Level 10 of the Dungeon
  9746 | D:10     | Reached skill level 11 in Maces & Flails
  9746 | D:10     | Reached skill level 10 in Armour
  9767 | D:10     | Noticed a brown ugly thing
  9930 | D:10     | Killed a brown ugly thing
 10006 | D:10     | Found a staircase to the Lair.
 10431 | Lair:1   | Entered Level 1 of the Lair of Beasts
 11046 | Lair:1   | You fall into a shaft and drop 1 floor!
 11131 | Lair:1   | Reached XP level 12. HP: 107/107 MP: 19/19
 11719 | Lair:2   | Noticed a seven-headed hydra
 11726 | Lair:2   | Killed a seven-headed hydra
 11727 | Lair:2   | Reached skill level 12 in Maces & Flails
 11883 | Lair:2   | Reached skill level 10 in Invocations
 11959 | Lair:2   | Noticed a four-headed hydra
 11964 | Lair:2   | Killed a four-headed hydra
 12467 | Lair:3   | Noticed a skyshark
 12482 | Lair:3   | Slain by a skyshark

Illustrated notes

Levels and vault maps discovered:
D:1:      lemuel_arrival_funnel, layout_basic
D:2:      layout_basic, basic_altar, serial_bayou_ford_a, uniq_terence
D:3:      layout_loops_ring, grunt_temple_overflow_cloverleaf,
          lightli_sewer_entry_pipes, kennysheep_minor_cross,
          serial_bayou_lagoon_a, uniq_robin, uniq_jessica
D:4:      layout_rooms, uniq_edmund
D:5:      minmay_chambers_of_fours, layout_loops_ring, hangedman_decor_riveting,
          uniq_menkaure
D:6:      minmay_inner_zag, layout_loops_ring, lemuel_tele_altar,
          ebering_ghost_disaster_area, uniq_pikel
D:7:      layout_cave_pods, minmay_temple_entry_purple_smoke, minmay_circle_x,
          uniq_crazy_yiuf_cottage, uniq_maurice, uniq_joseph, uniq_duvessa
D:8:      layout_basic
D:9:      layout_roguey [special_room_kobold], special_room [special_room_bee],
          enter_bailey_2, uniq_maggie
D:10:     layout_cave_pools, lair_entry_dummy, small_chamber_with_monster
Lair:1:   layout_regular_city, grunt_megastairs_4, infiniplex_staircase_pool
Lair:2:   layout_chaotic_city, grunt_megastairs_3
Lair:3:   layout_regular_city, elwin_shoals_entry_stream,
          nicolae_spider_entry_orb_guardian, uniq_urug

Skill      XL: |  1  2  3  4  5  6  7  8  9 10 11 12 |
---------------+-------------------------------------+-----
Fighting       | 4 5 6 7 8 9 10 11 | 11.0
Axes           | 5 6 7 |  7.8
Maces & Flails | 1 3 6 8 9 11 12 | 12.4
Invocations    | 1 3 5 6 8 9 10 | 10.2
Armour         | 1 2 4 6 8 10 11 | 11.6
Dodging        | |  2.4

Action                     |  1- 3 |  4- 6 |  7- 9 | 10-12 || total
---------------------------+-------+-------+-------+-------++-------
  Melee: Hand axe          |    83 |   145 |       |       ||   228
         Club              |       |    47 |    15 |       ||    62
         Flail             |       |       |   158 |   422 ||   580
 Invoke: Convert to Beogh  |       |     1 |       |       ||     1
         Smiting           |       |     1 |     6 |     2 ||     9
         Recall Orcish Fol |       |       |       |     1 ||     1
    Use: Scroll            |       |    11 |     1 |    10 ||    22
         Potion            |       |     1 |     1 |     5 ||     7
   Stab: Distracted        |       |       |     1 |     2 ||     3
 Armour: Robe              |     7 |       |       |       ||     7
         Ring mail         |    32 |   134 |   106 |       ||   272
         Chain mail        |       |       |    71 |   633 ||   704
  Dodge: Dodged            |    50 |    89 |   127 |   464 ||   730
